 Dungeon Crawl Stone Soup version 0.19.5 (webtiles) character file.

24904 epen the Martial Artist (level 12, -3/110 HPs)
             Began as a Pale Draconian Monk on July 31, 2017.
             Was a High Priest of Ru.
             Killed from afar by a red draconian (31 damage)
             ... with a searing blast
             ... in a volcano.
             The game lasted 00:32:49 (18728 turns).

epen the Martial Artist (Pale Draconian Monk)      Turns: 18728, Time: 00:32:50

Health: -3/110     AC:  9    Str: 16    XL:     12   Next: 84%
Magic:  13/13      EV: 29    Int: 11    God:    Ru [*****.]
Gold:   416        SH:  0    Dex: 26    Spells: 0 memorised, 11 levels left

rFire  . . .     SeeInvis .       - Unarmed
rCold  . . .     Gourm    .     (armour unavailable)
rNeg   . . .     Faith    .     (no shield)
rPois  .         Spirit   .     p - +0 hat {MR+}
rElec  .         Reflect  .     B - +0 cloak
rCorr  .         Harm     .     (no gloves)
MR     +....     Clarity  +     (no boots)
Stlth  ..........               (no amulet)
                                m - +3 ring of dexterity
                                h - +2 ring of evasion

@: agile, lethally poisoned (-3 -> -6), horrified, no scrolls, very slightly
contaminated, hasted, very quick
A: breathe steam, unfitting armour, claws 1, clarity, slow regeneration 1,
strong 1, wild magic 1, cold-blooded, inability to read while threatened, no
stealth, cowardly, unskilled 1, AC +8
a: Breathe Steam, Draw Out Power, Power Leap, Apocalypse, Renounce Religion


You were in a volcano.
You worshipped Ru.
Ru was extremely pleased with you.
You were not hungry.

You visited 3 branches of the dungeon, and saw 16 of its levels.
You also visited: Sewer, Ossuary and Volcano.

You collected 611 gold pieces.
You spent 195 gold pieces at shops.

Inventory:

Armour
 p - a +0 hat of magic resistance (worn)
 z - a +1 hat
 B - a +0 cloak (worn)
 L - a +0 pair of gloves
Jewellery
 h - a +2 ring of evasion (left claw)
 m - a +3 ring of dexterity (right claw)
 E - an uncursed ring of wizardry
 K - an uncursed ring of magical power
Wands
 w - a wand of polymorph (12/24)
 D - a wand of enslavement (14/24)
 H - a wand of polymorph (7/24)
 M - a wand of acid (11/15)
 N - a wand of polymorph (9/24)
 P - a wand of disintegration (7/24)
Scrolls
 b - 8 scrolls of remove curse
 e - 8 scrolls of teleportation
 g - 3 scrolls of enchant armour
 i - 14 scrolls of identify
 k - a scroll of fog
 s - 2 scrolls of recharging
 v - 2 scrolls of amnesia
 F - 2 scrolls of magic mapping
 J - 2 scrolls of fear
 Q - 2 scrolls of blinking
Potions
 c - 5 potions of berserk rage
 d - a potion of agility
 f - 3 potions of magic {unknown}
 j - 9 potions of curing
 l - a potion of haste
 n - 2 potions of brilliance {unknown}
 o - 3 potions of might {unknown}
 q - 2 potions of mutation {unknown}
 u - 2 potions of lignification {unknown}
 A - 2 potions of heal wounds
 I - 2 potions of ambrosia {unknown}
Books
 r - a book of Callings

   Spells                             Type                      Level
   a - Summon Small Mammal            Summoning                    1
   b - Call Imp                       Summoning                    2
   c - Call Canine Familiar           Summoning                    3
   d - Summon Guardian Golem          Hexes/Summoning              3
   e - Summon Lightning Spire         Summoning/Air                4
   f - Summon Ice Beast               Ice/Summoning                4
 x - a book of Necromancy

   Spells                             Type                      Level
   a - Pain                           Necromancy                   1
   b - Animate Skeleton               Necromancy                   1
   c - Vampiric Draining              Necromancy                   3
   d - Regeneration                   Charms/Necromancy            3
   e - Animate Dead                   Necromancy                   4
   f - Control Undead                 Necromancy                   4
 y - a book of Frost

   Spells                             Type                      Level
   a - Freeze                         Ice                          1
   b - Throw Frost                    Conjuration/Ice              2
   c - Ozocubu's Armour               Charms/Ice                   3
   d - Throw Icicle                   Conjuration/Ice              4
   e - Summon Ice Beast               Ice/Summoning                4
Miscellaneous
 O - a box of beasts
Comestibles
 a - 8 bread rations
 t - 20 fruits
 C - 8 royal jellies


   Skills:
 + Level 11.2 Fighting
 + Level 9.6 Dodging
 * Level 13.9 Unarmed Combat
 + Level 2.5 Evocations


You had 11 spell levels left.
You didn't know any spells.

Dungeon Overview and Level Annotations

Branches:
Dungeon (12/15)            Temple (1/1) D:4            Lair (3/6) D:11
    Orc (0/2) D:11
  Swamp: Lair:2-4    Shoals: Lair:2-4     Snake: Lair:2-4    Spider: Lair:2-4

Altars:
Ashenzari
Cheibriados
Dithmenos
Elyvilon
Fedhas
Gozag
Hepliaklqana
Kikubaaqudgha
Makhleb
Nemelex Xobeh
Okawaru
Qazlal
Ru
Sif Muna
Trog
Uskayaw
Vehumet
Xom
Yredelemnul
Zin
The Shining One

Shops:
D:7 ![%%   D:8 ?

Annotations:
D:5 Prince Ribbit
D:7 1 runed door


Innate Abilities, Weirdness & Mutations

You can breathe blasts of scalding, opaque steam.
Your pale cyan-grey scales are hard. (AC +8)
You cannot fit into any form of body armour.
You regenerate slowly when monsters are visible.
You are cold-blooded and may be slowed by cold attacks.
You cannot read scrolls while threatened.
You cannot be stealthy.
Your cowardice makes you less effective in combat with threatening monsters.
You are somewhat unskilled. (-1 Apt)
You have sharp fingernails.
You possess an exceptional clarity of mind.
Your muscles are strong. (Str +2)
Your spells are a little harder to cast, but a little more powerful.


Message History

The red draconian is almost dead.
The red draconian breathes flames at you.
The searing blast misses you.
You scratch the red draconian but do no damage.
You tail-slap the red draconian.
The red draconian is almost dead.
You are engulfed in roaring flames.
The salamander hits you from afar with a halberd of venom.
You are engulfed in flames!
* * * LOW HITPOINT WARNING * * *
You are poisoned.
You focus your will and blind the red draconian in retribution!
Unknown command.
You feel sick.
You feel sick.
You reel with horror at the sight of these foes!
You feel sick.
The red draconian breathes flames at you.
The searing blast hits you!
You die...

##≈§##)##...###§.##...# ###
##........§......#
####...§.§≈§≈≈≈....
#......§≈≈≈§§≈≈§§..
#....≈§§≈§≈≈§≈≈§≈.. ≈§§#
##....≈§≈≈§≈§≈§≈≈≈. §§§§#
#....≈≈≈≈≈≈≈§§≈§≈.. .!$≈≈#
###....≈≈§§§§§§§≈≈§
[.d§§§####.@.....≈≈§§§§≈§...
#).[...#§.###....§§.........
#.d### ####..# ####### ####
###


You could see a red draconian (blind).

Vanquished Creatures
  Nessos (D:12)
  Harold (D:11)
  2 hydras (Lair:1)
  Erica (D:10)
  A salamander mystic (Volcano)
  A hill giant (D:11)
  An unseen horror (D:11)
  A deep elf mage (D:12)
  A manticore (D:12)
  2 salamanders (Volcano)
  3 spiny frogs
  2 black mambas
  A komodo dragon (Lair:2)
  2 rime drakes
  2 trolls
  The ghost of epen the Ruffian, an amateur DrTm (D:5)
  3 hornets (D:9)
  A two-headed ogre (D:8)
  4 hippogriffs
  Sigmund (D:4)
  A wyvern (D:12)
  A basilisk (Lair:2)
  7 yaks
  Grum (D:10)
  A steam dragon (D:11)
  2 hungry ghosts (D:8)
  2 wargs
  5 porcupines
  Duvessa (D:4)
  5 water moccasins
  10 orc warriors
  3 black bears
  3 ice beasts
  5 ogres
  A phantom (D:10)
  2 sky beasts
  23 wolves
  4 centaurs
  8 crocodiles
  8 big kobolds
  14 bullfrogs
  Dowan (D:4)
  4 scorpions
  22 killer bees
  An electric eel (Lair:1)
  3 howler monkeys
  7 crimson imps
  A lava snake (D:10)
  A bullfrog zombie (D:5)
  A quasit (D:11)
  9 hounds
  A gnoll shaman (D:5)
  4 orc priests
  3 jellies
  11 orc wizards
  2 iguanas
  5 centaur skeletons
  10 worker ants
  A killer bee zombie (D:8)
  A big kobold zombie (Ossuary)
  5 mummies
  15 gnolls
  5 river rats
  15 adders
  3 shadow imps
  4 oozes (Sewer)
  2 adder skeletons
  An adder zombie (D:7)
  4 worms
  3 dart slugs
  2 leopard geckos
  55 orcs
  6 ball pythons
  A bat zombie (D:3)
  8 giant cockroaches
  A gnoll zombie (Ossuary)
  10 goblins
  5 hobgoblins
  19 jackals
  12 kobolds
  7 quokkas
  8 bats
  3 frilled lizards
  A giant cockroach zombie (D:5)
  A jackal skeleton (D:3)
  A jackal zombie (D:7)
  2 leopard gecko skeletons
  6 orc zombies (Ossuary)
  18 rats
  2 rat zombies (D:3)
452 creatures vanquished.

Vanquished Creatures (others)
  2 salamanders (Volcano)
  A human (D:3)
  A hound (D:11)
  An orc (D:11)
5 creatures vanquished.

Grand Total: 457 creatures vanquished

Notes
Turn   | Place    | Note
-------+----------+-------------------------------------------
     0 | D:1      | epen the Draconian Monk began the quest for the Orb.
     0 | D:1      | Reached XP level 1. HP: 19/19 MP: 1/1
   206 | D:1      | Reached XP level 2. HP: 15/26 MP: 2/2
   697 | D:1      | Reached XP level 3. HP: 33/33 MP: 3/3
  1319 | D:2      | Found a sparkling altar of Nemelex Xobeh.
  1490 | D:2      | Reached XP level 4. HP: 40/40 MP: 4/4
  1582 | D:2      | Reached skill level 4 in Unarmed Combat
  2063 | D:3      | Found a stormy altar of Qazlal.
  2093 | D:3      | HP: 1/61 [orc wizard/magic dart (5)]
  2096 | D:3      | Reached XP level 5. HP: 2/47 MP: 5/5
  2283 | D:3      | Found a glowing drain.
  2314 | Sewer    | Entered a sewer
  2579 | Sewer    | Reached skill level 5 in Unarmed Combat
  2618 | Sewer    | Reached XP level 6. HP: 42/55 MP: 6/6
  2681 | Sewer    | Reached skill level 5 in Fighting
  2951 | Sewer    | Your scales start taking on a pale cyan-grey colour.
  2951 | Sewer    | Reached XP level 7. HP: 51/61 MP: 7/7
  3006 | Sewer    | Reached skill level 6 in Unarmed Combat
  3355 | D:3      | Found an ancient bone altar of Kikubaaqudgha.
  3641 | D:3      | Found an ancient bone altar of Kikubaaqudgha.
  3642 | D:3      | Noticed a human
  3650 | D:3      | Killed a human
  3736 | D:3      | Found a shimmering altar of Xom.
  3801 | D:3      | Found a deep blue altar of Sif Muna.
  3884 | D:4      | Found a staircase to the Ecumenical Temple.
  3942 | D:4      | Noticed Sigmund
  3952 | D:4      | Killed Sigmund
  3952 | D:4      | Reached skill level 5 in Dodging
  3952 | D:4      | Reached skill level 7 in Unarmed Combat
  3952 | D:4      | Reached XP level 8. HP: 49/70 MP: 8/8
  4043 | D:4      | Found a sand-covered staircase.
  4094 | Ossuary  | Entered an ossuary
  4704 | Temple   | Entered the Ecumenical Temple
  4819 | Temple   | Became a worshipper of Ru the Awakened
  4828 | Temple   | Gained mutation: You regenerate slowly when monsters are visible. [Ru sacrifice]
  5020 | D:4      | Noticed Duvessa
  5021 | D:4      | Noticed Dowan
  5045 | D:4      | Killed Duvessa
  5069 | D:4      | Killed Dowan
  5069 | D:4      | Reached skill level 8 in Unarmed Combat
  5285 | D:4      | Found an opulent altar of Gozag.
  5287 | D:4      | Found a shattered altar of Ashenzari.
  5342 | D:5      | Entered Level 5 of the Dungeon
  5409 | D:5      | Found a burning altar of Makhleb.
  5574 | D:5      | Found a white marble altar of Elyvilon.
  5719 | D:5      | Reached XP level 9. HP: 29/79 MP: 9/9
  5989 | D:5      | You fall through a shaft for 3 floors!
  6018 | D:6      | Reached skill level 9 in Unarmed Combat
  6088 | D:6      | Gained mutation: Your spells are a little harder to cast, but a little more powerful. [mutagenic meat]
  6089 | D:6      | Gained mutation: Your magical capacity is low. (-10% MP) [mutagenic meat]
  6090 | D:6      | Gained mutation: You possess an exceptional clarity of mind. [mutagenic meat]
  6091 | D:6      | Lost mutation: Your magical capacity is low. (-10% MP) [mutagenic meat]
  6337 | D:5      | Noticed epen's ghost (amateur DrTm)
  6370 | D:5      | Killed epen's ghost
  6645 | D:5      | Noticed Prince Ribbit
  6671 | D:5      | Found a faded altar of an unknown god.
  6671 | D:5      | Found a faded altar of an unknown god.
  6676 | D:5      | Found a faded altar of an unknown god.
  6678 | D:5      | Found a blossoming altar of Fedhas.
  6679 | D:5      | Found a faded altar of an unknown god.
  6913 | D:7      | Reached skill level 10 in Unarmed Combat
  6933 | D:7      | Found Aduocau's Distillery.
  7095 | D:7      | Bought a potion of heal wounds for 55 gold pieces
  7095 | D:7      | Bought a potion of heal wounds for 55 gold pieces
  7169 | D:7      | Found Giokhene's Food Shop.
  7286 | D:7      | Gained mutation: You cannot read scrolls while threatened. [Ru sacrifice]
  7286 | D:7      | Reached * piety under Ru
  7286 | D:7      | Reached ** piety under Ru
  7299 | D:7      | Found Gutis's Food Boutique.
  7336 | D:7      | Found Keker's Antique Armour Boutique.
  7344 | D:7      | Bought a cloak for 85 gold pieces
  7562 | D:7      | Reached XP level 10. HP: 59/90 MP: 10/10
  7866 | D:7      | Found a runed door.
  8633 | D:8      | Reached skill level 11 in Unarmed Combat
  8700 | D:8      | Found Tocal's Magic Scroll Shoppe.
  9644 | D:8      | Found a snail-covered altar of Cheibriados.
  9982 | D:9      | Found a hazy altar of Hepliaklqana.
 10000 | D:9      | Gained mutation: You cannot be stealthy. [Ru sacrifice]
 10045 | D:9      | Gained mutation: Your muscles are strong. (Str +2) [mutagenic meat]
 10046 | D:9      | Gained mutation: You have sharp fingernails. [mutagenic meat]
 10405 | D:9      | Reached skill level 12 in Unarmed Combat
 10500 | D:9      | Found a sparkling altar of Nemelex Xobeh.
 10597 | D:10     | Entered Level 10 of the Dungeon
 10667 | D:10     | Noticed Grum
 10684 | D:10     | Reached skill level 10 in Fighting
 10684 | D:10     | Reached XP level 11. HP: 44/99 MP: 11/11
 10689 | D:10     | Killed Grum
 11314 | D:10     | Found a sacrificial altar of Ru.
 11482 | D:10     | Noticed Erica
 11491 | D:10     | Killed Erica
 11569 | D:11     | Found a staircase to the Orcish Mines.
 11734 | D:11     | Noticed a hill giant
 11740 | D:11     | Killed a hill giant
 11782 | D:11     | Noticed an unseen horror
 11792 | D:11     | Killed an unseen horror
 12065 | D:11     | Found a staircase to the Lair.
 12487 | D:11     | Gained mutation: You are somewhat unskilled. (-1 Apt) [Ru sacrifice]
 12487 | D:11     | Reduced skill Unarmed Combat to level 11
 12487 | D:11     | Reached *** piety under Ru
 12487 | D:11     | Reached **** piety under Ru
 12716 | D:11     | Reached skill level 12 in Unarmed Combat
 12759 | D:11     | Noticed Harold
 12773 | D:11     | Killed Harold
 13293 | D:11     | Reached skill level 10 in Fighting
 13911 | D:12     | Noticed a hill giant
 13912 | D:12     | Noticed Nessos
 14345 | D:12     | Killed Nessos
 14345 | D:12     | Reached XP level 12. HP: 38/106 MP: 12/12
 14825 | Lair:1   | Entered Level 1 of the Lair of Beasts
 15292 | Lair:1   | Reached skill level 13 in Unarmed Combat
 15298 | Lair:1   | Gained mutation: Your cowardice makes you less effective in combat with threatening monsters. [Ru sacrifice]
 15298 | Lair:1   | Reached ***** piety under Ru
 15362 | Lair:1   | Noticed a six-headed hydra
 15385 | Lair:1   | Killed a six-headed hydra
 15905 | Lair:1   | Noticed a seven-headed hydra
 15917 | Lair:1   | Killed a seven-headed hydra
 17245 | Lair:2   | Reached skill level 1 in Evocations
 18127 | Lair:3   | Found a dark tunnel.
 18136 | Volcano  | Entered a volcano
 18697 | Volcano  | Noticed a red draconian
 18728 | Volcano  | Killed from afar by a red draconian

Skill      XL: |  1  2  3  4  5  6  7  8  9 10 11 12 |
---------------+-------------------------------------+-----
Dodging        | 3 4 5 6 7 8 8 9 |  9.6
Fighting       | 4 5 6 7 8 10 10 11 | 11.2
Unarmed Combat | 4 5 7 8 10 12 12 13 | 13.9
Stealth        | 0 |  0.0
Evocations     | 2 |  2.5

Action                   |  1- 3 |  4- 6 |  7- 9 | 10-12 || total
-------------------------+-------+-------+-------+-------++-------
Melee: Unarmed           |   167 |   268 |   638 |   851 ||  1924
       Tailslap          |    11 |    33 |    98 |   162 ||   304
       Punch             |     2 |     8 |    27 |    61 ||    98
Invok: Sacrifice Purity  |       |       |     1 |       ||     1
       Sacrifice Words   |       |       |     1 |       ||     1
       Sacrifice Stealth |       |       |       |     1 ||     1
       Power Leap        |       |       |       |     2 ||     2
       Sacrifice Skill   |       |       |       |     1 ||     1
       Sacrifice Courage |       |       |       |     1 ||     1
 Abil: Breathe Steam     |       |       |     7 |    33 ||    40
  Use: Scroll            |     4 |     5 |     9 |     2 ||    20
       Potion            |       |     2 |     2 |     3 ||     7
 Stab: Sleeping          |     7 |       |    11 |       ||    18
       Distracted        |     1 |       |     1 |     1 ||     3
       Paralysed         |       |       |       |    14 ||    14
       Invisible         |       |       |       |     5 ||     5
  Eat: Chunk             |     2 |     3 |    15 |    29 ||    49
       Meat ration       |       |     1 |       |     2 ||     3
       Royal jelly       |       |       |     1 |     1 ||     2
       Fruit             |       |       |       |     1 ||     1
       Pizza             |       |       |       |     1 ||     1
Armor: Skin              |    48 |    58 |    79 |   115 ||   300
Dodge: Dodged            |   117 |   216 |   454 |   696 ||  1483
